 Dungeon Crawl Stone Soup version 0.30-b1-2-g02819fbbbe (webtiles) character file.

Game seed: 339073194902688958

96 night the Chiller (level 4, 0/33 HPs)
             Began as a Draconian Ice Elementalist on May 18, 2023.
             Slain by Natasha (2 damage)
             ... on level 2 of the Dungeon.
             The game lasted 00:04:25 (1547 turns).

night the Chiller (Draconian Ice Elementalist)      Turns: 1547, Time: 00:04:26

Health: 0/33       AC:  0    Str: 10    XL:     4   Next: 41%
Magic:  8/8        EV: 14    Int: 17    God:
Gold:   81         SH:  0    Dex: 12    Spells: 4/8 levels left

rFire   . .          .
                       - Unarmed
rCold   . . .        (shield currently unavailable)
rNeg    . . .        (body armour unavailable)
rPois   .            (helmet currently unavailable)
rElec   .            (cloak currently unavailable)
rCorr   .            (gloves currently unavailable)
SInv    .            l - melded +0 pair of boots
Will    .....        (no amulet)
Stlth   ++           e - melded +6 ring of strength
HPRegen 0.25/turn    (ring currently unavailable)
MPRegen 0.11/turn

%: no passive effects
@: pig-form, very quick
A: fast, no casting, AC +5, small, unfitting armour, (cold-blooded)
a: no special abilities


You were on level 2 of the Dungeon.
You were a filthy swine.
You visited 1 branch of the dungeon, and saw 2 of its levels.

You collected 81 gold pieces.

Inventory:

Hand Weapons
 c - a +0 sling
Missiles
 g - 6 poisoned darts
 h - 10 stones
 j - 5 curare-tipped darts
Armour
 l - a +0 pair of boots (melded)
Jewellery
 e - a +6 ring of strength (melded)
Scrolls
 i - 5 scrolls of identify {unknown}
Potions
 b - 2 potions of curing {unknown}
 d - a potion of haste {unknown}
 f - a potion of degeneration {unknown}
 k - a potion of heal wounds {unknown}


   Skills:
 - Level 1.7 Dodging
 - Level 1.7 Stealth
 * Level 2.8 Unarmed Combat
 + Level 2.7 Spellcasting
 + Level 4.5 Ice Magic


You had 4 spell levels left.
You knew the following spells:

 Your Spells              Type           Power      Damage    Failure   Level
a - Freeze                Ice            68%        1d8       2%          1
b - Frozen Ramparts       Ice            34%        1d6       9%          3

Your spell library contained the following spells:

 Spells                   Type           Power      Damage    Failure   Level
 Ozocubu's Armour         Ice            17%        N/A       9%          3
 Slow                     Hex            8%         N/A       19%         1
 Confusing Touch          Hex            2%         N/A       47%         3
 Vampiric Draining        Necr           2%         2d6       47%         3
 Summon Ice Beast         Ice/Summ       10%        N/A       56%         4


Dungeon Overview and Level Annotations

Branches:
Dungeon (2/15)

Altars:

Shops:
D:1 !

Annotations:
D:2 Natasha


Innate Abilities, Weirdness & Mutations

You are a filthy swine.
You move quickly.
Your equipment is almost entirely melded.
You are incapable of wielding weapons or throwing items.
You cannot cast spells.
((Your plain brown scales are hard. (AC +5)))
You cannot fit into any form of body armour.
((You are cold-blooded and may be slowed by cold attacks.))


Message History

Casting: Frozen Ramparts (quite dangerous; 9% risk of failure)
Press: ? - help, Dir - look around, f - activate The walls around you are covered in ice.
The wall freezes Natasha.
The wall freezes Natasha.
The wall freezes Natasha.
The frozen ramparts melt away.
Natasha mewls in sadness.
Natasha zaps a wand.
You resist with some effort.
Natasha zaps a wand.
You turn into a filthy swine.
Your +0 pair of boots melds into your body.
Your +6 ring of strength melds into your body.
You feel weaker.
Natasha howls an incantation.
Natasha glows brightly for a moment.
You barely miss Natasha.
Natasha is severely wounded.
Natasha stares at you and mumbles some strange words.
The magic dart hits you.
You barely miss Natasha.
Natasha is severely wounded.
Natasha claws you!
You closely miss Natasha.
Natasha is severely wounded.
Natasha claws you.
You hit Natasha.
Natasha is severely wounded.
Natasha claws you!
You are too injured to fight recklessly!
You can't do that in your present form.
You can't do that in your present form.
You closely miss Natasha.
Natasha is severely wounded.
Natasha claws you.
You barely miss Natasha.
Natasha is severely wounded.
Natasha claws you!
* * * LOW HITPOINT WARNING * * *
Magic courses through your body. Natasha claws you.
You die...

.......#.# #........#
.......#.## #........#
.......#..## #######.##
#########..## #.#
##########..## #.#
##.....# ##..## #.#
.......# ##..## #.#
##.....# ##..#### #.#
#.....# ##.hh.######.#
##.....## #...#.....##.#
........### #...#####..#.#
#######...###...######.#.#
# ##.............>..#
#########.#.#....#########
#.....##.........#
..........#.#....#
#......##†.......#


You could see Natasha.

Vanquished Creatures
  Natasha (twice) (D:2)
  2 adders (D:2)
  A dart slug (D:2)
  2 ball pythons (D:1)
  2 endoplasms
  A giant cockroach (D:1)
  3 goblins (D:2)
  2 hobgoblins (D:1)
  5 kobolds
  4 bats
  2 frilled lizards (D:2)
  2 rats
28 creatures vanquished.

Vanquished Creatures (others)
  A fungus (D:1)
  11 plants (D:1)
12 creatures vanquished.

Grand Total: 40 creatures vanquished

Notes
Turn   | Place    | Note
-------+----------+-------------------------------------------
     0 | D:1      | night the Draconian Ice Elementalist began the quest for
                  | the Orb.
     0 | D:1      | Reached XP level 1. HP: 14/14 MP: 3/3
    38 | D:1      | Found Ikhexogh's Distillery.
   216 | D:1      | Found a faded altar of an unknown god.
   252 | D:1      | Reached skill level 1 in Unarmed Combat
   313 | D:1      | Reached XP level 2. HP: 17/20 MP: 3/5
   960 | D:2      | Reached XP level 3. HP: 20/26 MP: 2/6
  1042 | D:2      | Learned a level 3 spell: Frozen Ramparts
  1265 | D:2      | Noticed Natasha
  1283 | D:2      | Killed Natasha
  1284 | D:2      | Reached XP level 4. HP: 19/33 MP: 0/7
  1397 | D:2      | Noticed Natasha
  1401 | D:2      | Killed Natasha
  1522 | D:2      | Noticed Natasha
  1546 | D:2      | HP: 1/33 [Natasha (10)]
  1547 | D:2      | Slain by Natasha

Illustrated notes

Levels and vault maps discovered:
D:1:      mainiacjoe_arrival_reflecting_pool, layout_rooms,
          shapermc_ecumenical_altar_mp_urbaneastern, serial_bayou,
          serial_bayou_ford_a, serial_bayou_crossing, serial_bayou_pond_c,
          serial_bayou_pond_e, serial_shops, shop
D:2:      layout_basic, glass_columns_a, uniq_natasha

Skill      XL: |  1  2  3 |
---------------+----------+-----
Unarmed Combat | 1 2 |  2.8
Dodging        | |  1.7
Stealth        | |  1.7
Spellcasting   | |  2.7
Ice Magic      | |  4.5

Action                     |  1- 3 |  4- 6 || total
---------------------------+-------+-------++-------
  Melee: Unarmed           |    25 |     6 ||    31
         Tailslap          |     4 |       ||     4
   Cast: Freeze            |    31 |     2 ||    33
         Frozen Ramparts   |     2 |     3 ||     5
    Use: Potion            |       |     1 ||     1
 Armour: Skin              |    16 |       ||    16
  Dodge: Dodged            |    20 |     3 ||    23
